 Dungeon Crawl Stone Soup version 0.30.0-20-g3615ddf2f0 (webtiles) character file.

Game seed: 4323499106870948902

1126 qw the Cleaver (level 8, 0/49 HPs)
             Began as a Gargoyle Fighter on June 1, 2023.
             Slain by a killer bee (7 damage)
             ... on level 6 of the Dungeon.
             The game lasted 00:02:14 (4432 turns).

qw the Cleaver (Gargoyle Fighter)                   Turns: 4432, Time: 00:02:15

Health: 0/49       AC: 15    Str: 28    XL:     8   Next: 35%
Magic:  8/8        EV:  9    Int:  9    God:
Gold:   311        SH:  4    Dex:  9    Spells: 7/7 levels left

rFire   . . .        Y - +0 war axe
rCold   . . .        c - +0 buckler
rNeg    + . .        n - +0 chain mail
rPois   inf          (no helmet)
rElec   +            j - +0 cloak
rCorr   .            (no gloves)
SInv    .            (no boots)
Will    .....        (no amulet) Stlth
                     p - +6 ring of strength
HPRegen 0.28/turn    (no ring)
MPRegen 0.11/turn

%: no passive effects
@: about to teleport
A: sickness immunity, AC +5, negative energy resistance 1, electricity
resistance, torment resistance 1, petrification resistance, fangs 1, talons 1,
no potion heal 1
a: no special abilities


You were on level 6 of the Dungeon.
You visited 1 branch of the dungeon, and saw 6 of its levels.

You collected 311 gold pieces.


Innate Abilities, Weirdness & Mutations

You are immune to sickness and miasma.
Your stone body is resilient. (AC +5)
You are immune to poison.
You resist negative energy. (rN+)
You are resistant to electric shocks. (rElec)
You are resistant to unholy torment.
You are immune to petrification.
You have very sharp teeth.
You have sharp toenails.
Potions are less effective at restoring your health.


   Skills:
 + Level 5.1 Fighting
 - Level 8.0 Axes
 - Level 1.2 Throwing
 - Level 3.2 Armour
 - Level 1.1 Dodging
 - Level 3.2 Shields


You had 7 spell levels left.
You didn't know any spells.
Your spell library was empty.

Inventory:

Hand Weapons
 t - a +0 morningstar
 Y - a +0 war axe (weapon)
Missiles
 k - 3 boomerangs (quivered)
Armour
 c - a +0 buckler (worn)
 j - a +0 cloak (worn)
 n - a +0 chain mail (worn)
Jewellery
 p - a +6 ring of strength (left hand)
Scrolls
 b - a scroll of vulnerability {unknown}
 g - a scroll of identify
 i - 4 scrolls of teleportation
Potions
 a - a potion of lignification
 d - 3 potions of might
 e - 2 potions of attraction
 f - 3 potions of curing
 h - a potion of haste {unknown}
 l - a potion of berserk rage {unknown}
 q - a potion of cancellation {unknown}
 s - a potion of invisibility {unknown}

Dungeon Overview and Level Annotations

Branches:
Dungeon (6/15)
 Temple: D:4-7

Altars:
Elyvilon
Gozag
Xom

Annotations:
D:5 3 runed translucent doors, qw's ghost, novice GrFi


Message History

You closely miss the killer bee.
The killer bee is lightly wounded.
You hit the killer bee. You closely miss the killer bee.
The killer bee stings you.
The killer bee stings you but does no damage. x2
You block the killer bee's attack. The killer bee stings you.
The killer bee barely misses you.
You closely miss the killer bee. Your kick misses the killer bee.
Your bite misses the killer bee.
The killer bee is moderately wounded.
You miss the killer bee. You closely miss the killer bee.
The killer bee barely misses you. The killer bee closely misses you.
The killer bee stings you. You block the killer bee's attack.
The killer bee barely misses you.
The killer bee stings you but does no damage.
You closely miss the killer bee. Your kick misses the killer bee.
The killer bee is moderately wounded.
You slash the killer bee! You closely miss the killer bee.
The killer bee stings you. The killer bee barely misses you.
The killer bee stings you but does no damage. x2
The killer bee barely misses you. You block the killer bee's attack.
You barely miss the killer bee. Your kick misses the killer bee.
The killer bee is heavily wounded.
You hit the killer bee. You closely miss the killer bee.
The killer bee barely misses you. x2; The killer bee stings you.
The killer bee stings you but does no damage.
The killer bee stings you! The killer bee closely misses you.
The killer bee stings you but does no damage.
The killer bee barely misses you. The killer bee misses you.
4431 ||| READING 5 scrolls of teleportation.
As you read the scroll of teleportation, it crumbles to dust.
You feel strangely unstable.
The killer bee stings you but does no damage.
The killer bee barely misses you. The killer bee completely misses you.
The killer bee stings you but does no damage. x3
You miss the killer bee.
The killer bee is heavily wounded.
You hit the killer bee. x2
The killer bee stings you!
You die...

. .. ... .... .....
##################......
................@yS.....
....####.######.yy.#####
.......#.# #....#
###.##.#.# #....#
....##.#.# #....#
##..##.#.# ####.#
....##.#.#### .#
#...##....:.## .#
#<..##........


You could see 3 killer bees and an adder.

Vanquished Creatures
  A water moccasin (D:5)
  An ice beast (D:5)
  A black bear (D:6)
  A phantom (D:5)
  A centaur (D:6)
  4 scorpions (D:5)
  A jelly (D:5)
  An orc priest (D:6)
  5 hounds
  An iguana (D:4)
  A sleepcap (D:4)
  5 adders
  A shadow imp (D:5)
  2 white imps (D:5)
  2 ufetubi (D:5)
  4 dart slugs
  6 orcs
  6 endoplasms
  7 giant cockroaches
  7 goblins
  3 hobgoblins
  9 jackals
  9 kobolds
  5 quokkas
  5 ball pythons
  6 bats
  6 frilled lizards
  4 rats
105 creatures vanquished.

Notes
Turn   | Place    | Note
-------+----------+-------------------------------------------
     0 | D:1      | qw the Gargoyle Fighter began the quest for the Orb.
     0 | D:1      | Reached XP level 1. HP: 14/14 MP: 1/1
     0 | D:1      | 0 ||| qw: Version: 0.2-a-102-gfc559e5
     0 | D:1      | 0 ||| qw: Game counter: 674
     0 | D:1      | 0 ||| qw: Always use a shield: true
     0 | D:1      | 0 ||| qw: God list: Okawaru
     0 | D:1      | 0 ||| qw: Allow faded altars: false
     0 | D:1      | 0 ||| qw: Do Orc after D:15 true
     0 | D:1      | 0 ||| qw: Do second Lair branch before Depths: true
     0 | D:1      | 0 ||| qw: Lair rune preference: random
     0 | D:1      | 0 ||| qw: Plans: Normal, Zot:1-4, Slime:5, God:TSO, Crypt,
                  | Tomb, Pan, Hells, Abyss, Win
     0 | D:1      | 0 ||| PLANNING D:1-11
    68 | D:1      | Reached skill level 2 in Axes
   205 | D:1      | Reached XP level 2. HP: 18/19 MP: 2/2
   382 | D:1      | Reached skill level 3 in Axes
   399 | D:1      | Reached XP level 3. HP: 23/23 MP: 3/3
   477 | D:1      | 477 ||| DROPPING +0 club.
   490 | D:1      | 490 ||| Stepping ~*~*~tactically~*~*~ (stealth).
   521 | D:1      | 521 ||| Stepping ~*~*~tactically~*~*~ (stealth).
   865 | D:1      | 865 ||| UPGRADING to +0 cloak.
   870 | D:1      | 870 ||| DROPPING ring of wizardry.
   871 | D:1      | 871 ||| READING 2 scrolls labelled QYFFOGG KUNK.
   872 | D:1      | 872 ||| READING 2 scrolls labelled GIDUAR ITWAFOCW.
   873 | D:1      | 873 ||| READING 2 scrolls labelled UCINLO ZUUV.
   877 | D:1      | 877 ||| DROPPING scroll of immolation.
  1087 | D:2      | 1087 ||| Stepping ~*~*~tactically~*~*~ (stealth).
  1110 | D:2      | Reached XP level 4. HP: 27/28 MP: 4/4
  1342 | D:2      | 1342 ||| UPGRADING to +6 ring of strength.
  1343 | D:2      | 1343 ||| READING scroll labelled ROACVAXINI.
  1431 | D:3      | Reached skill level 4 in Axes
  1558 | D:3      | 1558 ||| Stepping ~*~*~tactically~*~*~ (stealth).
  1561 | D:3      | 1561 ||| Stepping ~*~*~tactically~*~*~ (stealth).
  1595 | D:3      | 1595 ||| Stepping ~*~*~tactically~*~*~ (hiding).
  1596 | D:3      | 1596 ||| Stepping ~*~*~tactically~*~*~ (hiding).
  1700 | D:3      | Identified the +0 robe "Havvoag" {Will+ Str+6 Int-5 SInv}
  1727 | D:3      | Found a faded altar of an unknown god.
  1731 | D:3      | Found a shimmering altar of Xom.
  1811 | D:3      | 1811 ||| DROPPING +0 whip.
  2130 | D:3      | 2130 ||| READING 2 scrolls labelled XIN MIUGERPH.
  2131 | D:3      | 2131 ||| DRINKING 3 dark potions.
  2132 | D:3      | 2132 ||| DRINKING 2 ruby potions.
  2133 | D:3      | 2133 ||| READING 2 scrolls of identify.
  2133 | D:3      | 2133 ||| IDENTIFYING bubbling grey potion
  2134 | D:3      | 2134 ||| DROPPING potion of flight.
  2135 | D:3      | 2135 ||| DROPPING scroll of poison.
  2200 | D:4      | 2200 ||| STAIRDANCE
  2204 | D:4      | 2204 ||| STAIRDANCE
  2208 | D:4      | 2208 ||| STAIRDANCE
  2212 | D:4      | 2212 ||| STAIRDANCE
  2216 | D:4      | 2216 ||| STAIRDANCE
  2220 | D:4      | 2220 ||| STAIRDANCE
  2224 | D:4      | 2224 ||| STAIRDANCE
  2228 | D:4      | 2228 ||| STAIRDANCE
  2232 | D:4      | 2232 ||| STAIRDANCE
  2236 | D:4      | 2236 ||| STAIRDANCE
  2240 | D:4      | 2240 ||| STAIRDANCE
  2244 | D:4      | 2244 ||| STAIRDANCE
  2248 | D:4      | 2248 ||| STAIRDANCE
  2252 | D:4      | 2252 ||| STAIRDANCE
  2256 | D:4      | 2256 ||| STAIRDANCE
  2260 | D:4      | 2260 ||| STAIRDANCE
  2264 | D:4      | 2264 ||| STAIRDANCE
  2268 | D:4      | 2268 ||| STAIRDANCE
  2272 | D:4      | 2272 ||| STAIRDANCE
  2276 | D:4      | 2276 ||| STAIRDANCE
  2287 | D:4      | Reached XP level 5. HP: 31/32 MP: 5/5
  2292 | D:4      | 2292 ||| FLEEEEING.
  2296 | D:4      | 2296 ||| FLEEEEING.
  2308 | D:4      | 2308 ||| UPGRADING to +0 chain mail.
  2318 | D:4      | 2318 ||| DROPPING +0 scale mail.
  2319 | D:4      | 2319 ||| DROPPING +0 robe "Havvoag" {Will+ Str+6 Int-5
                  | SInv}.
  2331 | D:4      | You fall into a shaft and drop 1 floor!
  2331 | D:5      | Entered Level 5 of the Dungeon
  2367 | D:5      | Reached skill level 5 in Axes
  2391 | D:5      | Reached XP level 6. HP: 31/38 MP: 6/6
  2438 | D:5      | Noticed an ice beast
  2448 | D:5      | Killed an ice beast
  2494 | D:5      | Reached skill level 6 in Axes
  2537 | D:5      | 2537 ||| Stepping ~*~*~tactically~*~*~ (hiding).
  2664 | D:5      | Reached XP level 7. HP: 43/43 MP: 7/7
  2666 | D:5      | Reached skill level 1 in Dodging
  2671 | D:5      | 2671 ||| Stepping ~*~*~tactically~*~*~ (stealth).
  2740 | D:5      | Noticed qw's ghost (novice GrFi)
  2742 | D:5      | Found a runed translucent gate.
  2742 | D:5      | Found a runed translucent gate.
  2743 | D:5      | Found a runed translucent gate.
  2767 | D:5      | 2767 ||| READING 2 scrolls of identify.
  2767 | D:5      | 2767 ||| IDENTIFYING fizzy green potion
  2794 | D:4      | 2794 ||| Stepping ~*~*~tactically~*~*~ (hiding).
  2934 | D:4      | 2934 ||| Stepping ~*~*~tactically~*~*~ (stealth).
  2935 | D:4      | 2935 ||| Stepping ~*~*~tactically~*~*~ (stealth).
  2945 | D:4      | 2945 ||| Stepping ~*~*~tactically~*~*~ (hiding).
  2947 | D:4      | 2947 ||| Stepping ~*~*~tactically~*~*~ (hiding).
  3069 | D:4      | Found an opulent altar of Gozag.
  3151 | D:4      | Found a white marble altar of Elyvilon.
  3457 | D:4      | 3457 ||| DROPPING amulet of magic regeneration.
  3458 | D:4      | 3458 ||| READING scroll labelled KOBYORACZE.
  3575 | D:5      | Reached skill level 7 in Axes
  3900 | D:5      | Reached skill level 1 in Throwing
  4079 | D:5      | Reached XP level 8. HP: 36/49 MP: 8/8
  4164 | D:5      | 4164 ||| DRINKING 2 fizzy silvery potions.
  4164 | D:5      | Gained mutation: Your spells are a little harder to cast,
                  | but a little more powerful. [potion of mutation]
  4164 | D:5      | Gained mutation: You passively dampen the noise of your
                  | surroundings. [potion of mutation]
  4164 | D:5      | Gained mutation: Potions are less effective at restoring
                  | your health. [potion of mutation]
  4165 | D:5      | 4165 ||| DRINKING potion of mutation.
  4165 | D:5      | Lost mutation: You passively dampen the noise of your
                  | surroundings. [potion of mutation]
  4165 | D:5      | Lost mutation: Your spells are a little harder to cast, but
                  | a little more powerful. [potion of mutation]
  4165 | D:5      | Gained mutation: You have supernaturally acute eyesight.
                  | (SInv) [potion of mutation]
  4165 | D:5      | Gained mutation: You have sharp toenails. [potion of
                  | mutation]
  4165 | D:5      | Lost mutation: You have supernaturally acute eyesight.
                  | (SInv) [potion of mutation]
  4165 | D:5      | Gained mutation: You have very sharp teeth. [potion of
                  | mutation]
  4166 | D:5      | 4166 ||| READING 2 scrolls of identify.
  4166 | D:5      | 4166 ||| IDENTIFYING lumpy emerald potion
  4167 | D:5      | 4167 ||| DROPPING potion of brilliance.
  4216 | D:6      | 4216 ||| PLANNING SEWER
  4282 | D:6      | 4282 ||| Stepping ~*~*~tactically~*~*~ (hiding).
  4283 | D:6      | 4283 ||| FLEEEEING.
  4293 | D:6      | Reached skill level 8 in Axes
  4417 | D:6      | 4417 ||| Stepping ~*~*~tactically~*~*~ (stealth).
  4419 | D:6      | 4419 ||| Stepping ~*~*~tactically~*~*~ (stealth).
  4430 | D:6      | HP: 6/49 [killer bee (7)]
  4431 | D:6      | 4431 ||| READING 5 scrolls of teleportation.
  4432 | D:6      | Slain by a killer bee

Levels and vault maps discovered:
D:1:      dpeg_arrival_yet_another_circle, layout_loops_ring,
          minmay_misc_feat_chi, minmay_pentomino_x4
D:2:      layout_rooms, minivault_11, minmay_crystal_room,
          minmay_worlds_worst_comb
D:3:      layout_basic, nicolae_overflow_ecumenical_swirl, item_on_display_a
D:4:      layout_rooms, mainiacjoe_overflow_alcove_2,
          mainiacjoe_overflow_surrounded_room, serial_aquarium,
          aquarium_bridge_square [aquarium_subvault_window,
          aquarium_subvault_bridge, aquarium_subvault_bridge,
          aquarium_subvault_wall], aquarium_window_2, aquarium_window_1,
          aquarium_window_2, aquarium_window_2, aquarium_view_2c,
          aquarium_balcony_1a
D:5:      layout_cave_pods, gammafunk_ghost_nasty_kobolds
D:6:      layout_basic, minmay_temple_entry_mini_moons, gup_sewer_entry_pipe

Skill      XL: |  1  2  3  4  5  6  7  8 |
---------------+-------------------------+-----
Axes           | 2 3 4 5 6 7 8 |  8.0
Fighting       | 4 5 |  5.1
Dodging        | 1 |  1.1
Throwing       | 1 |  1.2
Armour         | |  3.2
Shields        | |  3.2

Action                     |  1- 3 |  4- 6 |  7- 9 || total
---------------------------+-------+-------+-------++-------
  Melee: War axe           |   125 |    75 |   131 ||   331
         Kick              |       |       |     8 ||     8
         Bite              |       |       |     1 ||     1
  Throw: Boomerang         |    26 |    23 |    37 ||    86
    Use: Scroll            |     3 |     3 |     4 ||    10
         Potion            |       |     2 |     2 ||     4
 Armour: Scale mail        |    57 |    14 |       ||    71
         Chain mail        |       |    17 |   104 ||   121
  Dodge: Dodged            |    45 |    29 |    65 ||   139
  Block: Buckler           |    23 |    11 |    32 ||    66

Table legend:
 A = Non-vault XP
 B = Vault XP
 C = Vault XP percentage of total XP
 D = Non-vault monster count
 E = Vault monster count
 F = Vault count percentage of total count
                 A         B        C        D         E       F
            +---------+---------+-------+---------+---------+-------
      Total |    1593 |      16 |   1.0 |      98 |       7 |   6.7
            +---------+---------+-------+---------+---------+-------
        D:1 |      55 |       8 |  12.7 |      32 |       3 |   8.6
        D:2 |      17 |       8 |  32.0 |      12 |       4 |  25.0
        D:3 |      55 |       0 |   0.0 |      12 |       0 |   0.0
        D:4 |     156 |       0 |   0.0 |      16 |       0 |   0.0
        D:5 |    1020 |       0 |   0.0 |      20 |       0 |   0.0
        D:6 |     290 |       0 |   0.0 |       6 |       0 |   0.0
            +---------+---------+-------+---------+---------+-------
